 Dungeon Crawl Stone Soup version 0.27.1 (webtiles) character file.

Game seed: 17943231256318088778

50 ZARRMARR the Insei (level 3, -9/23 HPs)
             Began as an Octopode Transmuter on Sept 3, 2021.
             Mangled by an orc (20 damage)
             ... on level 2 of the Dungeon.
             The game lasted 00:05:54 (2067 turns).

ZARRMARR the Insei (Octopode Transmuter)            Turns: 2067, Time: 00:05:56

Health: -9/23      AC:  1    Str:  9    XL:     3   Next: 79%
Magic:  5/6        EV: 13    Int: 16    God:
Gold:   89         SH:  0    Dex: 12    Spells: 5/6 levels left

rFire    . . .     SeeInvis .     - Unarmed
rCold    . . .     Faith    .   (no shield)
rNeg     . . .     Spirit   .   (helmet currently unavailable)
rPois    .         Reflect  .   (no amulet)
rElec    .         Harm     .   (no ring)
rCorr    .         Rampage  .   (no ring)
Will     .....                  (no ring)
Stlth    ++........             (no ring)
HPRegen  0.07/turn              (no ring)
MPRegen  0.10/turn              (no ring)
                                (no ring)
                                (no ring)

@: appendages
A: tentacle spike 3, almost no armour, amphibious, 8 rings, camouflage 1,
gelatinous body 1, (nimble swimmer 1), tentacles
a: End Transformation


You were on level 2 of the Dungeon.
One of your tentacles had grown a beastly spike.
You visited 1 branch of the dungeon, and saw 3 of its levels.

You collected 89 gold pieces.

Inventory:

Wands
 e - a wand of charming (7)
Scrolls
 d - a scroll of fear
 f - a scroll of teleportation
 g - a scroll of immolation {unknown}
 h - a scroll of amnesia {unknown}
Potions
 a - a potion of curing
 b - a potion of lignification {unknown}
 c - a potion of haste {unknown}


   Skills:
 - Level 1.0 Fighting
 - Level 2.0 Dodging
 + Level 3.9 Unarmed Combat
 - Level 2.0 Spellcasting
 + Level 3.1 Transmutations


You had 5 spell levels left.
You knew the following spells:

 Your Spells              Type           Power      Damage    Failure   Level
a - Beastly Appendage     Tmut           22%        N/A       6%          1

Your spell library contained the following spells:

 Spells                   Type           Power      Damage    Failure   Level
 Wereblood                Tmut           11%        N/A       9%          2
 Spider Form              Tmut/Pois      3%         N/A       32%         3
 Ice Form                 Ice/Tmut       6%         N/A       73%         4


Dungeon Overview and Level Annotations

Branches:
Dungeon (3/15)

Altars:
Beogh

Shops:
D:1 (


Innate Abilities, Weirdness & Mutations

One of your tentacles has grown a beastly spike.
You cannot wear most types of armour.
You are amphibious.
You can wear up to eight rings at the same time.
Your skin changes colour to match your surroundings (Stealth+).
Your rubbery body absorbs attacks. (AC +1, EV +1)
((You are camouflaged near water. (Stealth+)))
You have tentacles for arms and can constrict up to eight enemies at once.


Message History

Your transformation is almost over.
Found an escape hatch in the ceiling.
Magic restored.
Found 11 bolts.
Found 10 gold pieces.
Your tentacle spike disappears.
You now have 89 gold pieces (gained 10).
Found a stone staircase leading down.
There is a stone staircase leading down here.
Found a short sword.
There is a stone staircase leading up here.
Found a stone staircase leading up.
Done exploring.
Done exploring.
There is a stone staircase leading up here.
There is a stone staircase leading down here.
You climb downwards.
The orc shouts!
There is a stone staircase leading up here.
Casting: Beastly Appendage (safe; 6% risk of failure)
Confirm with . or Enter, or press ? or * to list all spells.
One of your tentacles grows a vicious spike.
The orc shouts! x2
The ball python closely misses you. The ball python grabs you.
You stop ascending the stairs.
The ball python constricts you.
The orc hits you with a +0 hand axe of electrocution.
Unknown command.
Unknown command.
You escape the ball python's grasp.
The ball python bites you. The ball python closely misses you.
The orc closely misses you.
You climb upwards.
There is a stone staircase leading down here.
You closely miss the orc. You grab the orc.
You pierce the orc, but do no damage.
You constrict the orc, but do no damage.
The ball python misses you. The ball python completely misses you.
The orc hits you with a +0 hand axe of electrocution.
You are electrocuted!!
Ouch! That really hurt!
You die...

######### #######
#.......# #.....##
#.#####.#
#.....S###...###.####
#.....@.............##
#.....o#.........##..#
#
#......#.##....#####.#
#
#......#.#.....#.....##
#
#......#.......#.##....
#......###.....#.##....
#...........#....##....
##
#.........#...#####.#.#
.#
###.##.#.##########.#.#


You could see an orc and a ball python.

Vanquished Creatures
  An adder (D:2)
  A dart slug (D:1)
  An orc (D:2)
  8 endoplasms
  A goblin (D:2)
  6 hobgoblins
  3 kobolds
  2 quokkas (D:1)
  A ball python (D:1)
  4 bats
  A frilled lizard (D:1)
  6 rats (D:1)
35 creatures vanquished.

Notes
Turn   | Place    | Note
-------+----------+-------------------------------------------
     0 | D:1      | ZARRMARR the Octopode Transmuter began the quest for the
                  | Orb.
     0 | D:1      | Reached XP level 1. HP: 13/13 MP: 3/3
   454 | D:1      | Found Vezxo's Antique Weapon Emporium.
   565 | D:1      | Reached XP level 2. HP: 18/18 MP: 3/5
   747 | D:1      | Reached XP level 3. HP: 12/23 MP: 4/6
  1613 | D:2      | Found a faded altar of an unknown god.
  2067 | D:2      | Mangled by an orc

Illustrated notes

Levels and vault maps discovered:
D:1:      matt_arrival_diagonals, layout_rooms, serial_shops, shop,
          kennysheep_doodads, minivault_27, serial_bayou_pond_b
D:2:      layout_basic, hellmonk_ecumenical_altar_defaced_shrine
D:3:      layout_rooms, lemuel_crystal_altar, chequers_serial_rivers_micro_a

Skill      XL: |  1  2  3 |
---------------+----------+-----
Transmutations | 3 |  3.1
Fighting       | |  1.0
Dodging        | |  2.0
Unarmed Combat | |  3.9
Spellcasting   | |  2.0

Action                   || total
-------------------------++-------
Melee: Unarmed           ||    85
       Kick              ||    22
       Tentacles         ||    15
       Constrict         ||    17
       Punch             ||     5
 Cast: Beastly Appendage ||    24
  Use: Scroll            ||     3
 Stab: Sleeping          ||     7
Armor: Skin              ||     5
Dodge: Dodged            ||    39
